 Dungeon Crawl Stone Soup version 0.22-a0-160-gcc81d7a (webtiles) character file.

1900 Slobodan the Grappler (level 8, -2/83 HPs)
             Began as a Troll Chaos Knight on Feb 10, 2018.
             Slain by a troll (8 damage)
             ... on level 10 of the Dungeon.
             The game lasted 00:37:35 (4573 turns).

Slobodan the Grappler (Troll Chaos Knight)          Turns: 4573, Time: 00:37:36

Health: -2/83      AC:  9    Str: 23    XL:     8   Next: 93%
Magic:  7/7        EV: 10    Int:  8    God:    Xom [..*...]
Gold:   320        SH:  0    Dex:  9    Spells: 7/7 levels left

rFire    . . .     SeeInvis .     - Unarmed
rCold    . . .     Gourm    +   (no shield)
rNeg     . . .     Faith    .   a - +2 robe
rPois    +         Spirit   .   p - +2 hat
rElec    .         Reflect  .   (no cloak)
rCorr    .         Harm     .   (gloves unavailable)
MR       .....                  (boots unavailable)
Stlth    +.........             (no amulet)
HPRegen  0.63/turn              m - ring of poison resistance
MPRegen  0.10/turn              (no ring)

@: no status effects
A: large, unfitting armour, claws 3, fast metabolism 3, gourmand, regeneration
1, shaggy fur 1, tough skin 2
a: Renounce Religion


You were on level 10 of the Dungeon.
You worshipped Xom.
You were a toy of Xom.
You were completely stuffed.

You visited 1 branch of the dungeon, and saw 8 of its levels.

You collected 320 gold pieces.

Inventory:

Armour
 a - a +2 robe (worn)
 p - a +2 hat (worn)
Jewellery
 m - a ring of poison resistance (left claw)
Wands
 e - a wand of enslavement (5)
Scrolls
 h - a scroll of teleportation
 i - 6 scrolls of remove curse
 o - a scroll of fear
 s - a scroll of random uselessness {unknown}
Potions
 l - 4 potions of curing
 q - a potion of ambrosia {unknown}
 r - a potion of haste
Comestibles
 b - 13 rations


   Skills:
 + Level 5.9 Fighting
 - Level 3.0 Dodging
 * Level 9.7 Unarmed Combat


You had 7 spell levels left.
You didn't know any spells.

Dungeon Overview and Level Annotations

Branches:
Dungeon (7/15)             Temple (0/1) D:4             Orc (0/2) D:10

Altars:
Ashenzari
Makhleb
Vehumet
Xom

Shops:
D:6 [


Innate Abilities, Weirdness & Mutations

You are too large for most types of armour.
You have claws for hands.
Your metabolism is lightning-fast.
You like to eat raw meat.
Your natural rate of healing is unusually fast.
You are covered in fur. (AC +1)
You have very tough skin. (AC +2)


Message History

* * * LOW HITPOINT WARNING * * *
The troll closely misses you.
You mangle the troll!!
The troll is almost dead.
The troll bites you.
* * * LOW HITPOINT WARNING * * *
The troll claws you!
* * * LOW HITPOINT WARNING * * *
The troll claws you but does no damage.
Found 14 sling bullets.
Okay, then.
Evoke which item? (* to show all) (? for menu, Esc to quit)
Aiming: Enslavement
Press: ? - help, Shift-Dir - straight line, f - troll
Aim: a troll (severely wounded, chance to defeat MR: 46%)
The troll resists with some effort.
The troll bites you!
* * * LOW HITPOINT WARNING * * *
The troll claws you!
You die...
Xom chuckles heartily!

*************
***********,,,,,,.....#
,,<,,,,,,,,,,,,,,.(...#
,,,,,,,,,,*,,,,,,.....#
,,,,,,,,,,*,,,,,,.....#
,,,,,,,,,**,,,,,,.....*
,,,,,,,,,**,,,,,,...,,*
******,********##.#****
***,,,,* #@.# ,,,,****
####T## #########
#....(# ........###
#.....#
........'.###.....#
........#..##..§..#
........##..#.....#
........###....§..#
........# ###.§§..#


You could see a troll.

Vanquished Creatures
  Grinder (D:6)
  Eustachio (D:5)
  2 black bears
  An ogre (D:4)
  A centaur (D:6)
  2 bullfrogs (D:6)
  2 scorpions
  A wight (D:4)
  2 howler monkeys
  3 crimson imps
  A centaur zombie (D:5)
  A bullfrog skeleton (D:5)
  2 hounds
  A jelly (D:5)
  2 orc priests
  4 orc wizards
  4 iguanas
  4 worker ants
  A hound skeleton (D:4)
  2 worker ant zombies (D:6)
  3 gnolls (D:7)
  8 adders
  2 shadow imps
  An adder skeleton (D:4)
  2 worms
  2 dart slugs
  6 leopard geckos
  17 orcs
  2 giant cockroaches
  9 goblins
  6 hobgoblins
  7 jackals
  13 kobolds
  2 quokkas (D:6)
  4 ball pythons
  3 bats (D:2)
  7 frilled lizards
  5 rats
  A bush (D:2)
138 creatures vanquished.

Notes
Turn   | Place    | Note
-------+----------+-------------------------------------------
     0 | D:1      | Slobodan the Troll Chaos Knight began the quest for the Orb.
     0 | D:1      | Reached XP level 1. HP: 22/22 MP: 0/0
   247 | D:1      | Reached XP level 2. HP: 29/29 MP: 1/1
   270 | D:1      | XOM: divination: detect items
   720 | D:2      | Reached XP level 3. HP: 36/36 MP: 2/2
   726 | D:2      | Reached skill level 4 in Unarmed Combat
   793 | D:2      | XOM: harmless Chrm miscast
   955 | D:2      | Reached XP level 4. HP: 45/45 MP: 3/3
  1055 | D:2      | XOM: harmless Pois miscast
  1217 | D:3      | Found a faded altar of an unknown god.
  1573 | D:3      | XOM is BORED!
  1573 | D:3      | XOM: harmless Air miscast
  1587 | D:3      | Found a shattered altar of Ashenzari.
  1767 | D:3      | XOM: harmless Air miscast
  1771 | D:3      | XOM: harmless Summ miscast
  1793 | D:3      | Reached skill level 5 in Unarmed Combat
  1793 | D:3      | Reached XP level 5. HP: 9/53 MP: 4/4
  1794 | D:3      | XOM: harmless Tloc miscast
  2115 | D:4      | XOM: 1-stop teleportation journey
  2241 | D:4      | XOM: mild Summ miscast
  2242 | D:4      | Noticed a spatial vortex
  2258 | D:4      | XOM: 3-stop teleportation journey
  2327 | D:4      | Noticed an ogre
  2334 | D:4      | XOM: enchant monster (bad)
  2338 | D:4      | XOM: repel stairs
  2374 | D:4      | Found a staircase to the Ecumenical Temple.
  2389 | D:4      | Killed an ogre
  2389 | D:4      | Reached XP level 6. HP: 33/62 MP: 5/5
  2486 | D:4      | XOM: harmless Ice miscast
  2517 | D:4      | Reached skill level 6 in Unarmed Combat
  2539 | D:4      | XOM: cast spell 'Summon Mana Viper'
  2713 | D:4      | Reached XP level 7. HP: 70/70 MP: 6/6
  2717 | D:4      | XOM: harmless Tmut miscast
  3037 | D:5      | Entered Level 5 of the Dungeon
  3070 | D:5      | XOM: harmless Fire miscast
  3236 | D:5      | Reached skill level 7 in Unarmed Combat
  3284 | D:5      | Noticed Eustachio
  3296 | D:5      | Killed Eustachio
  3500 | D:5      | XOM: mild Ice miscast
  3642 | D:5      | XOM: harmless Tmut miscast
  3705 | D:6      | Reached skill level 8 in Unarmed Combat
  3705 | D:6      | Reached XP level 8. HP: 64/79 MP: 7/7
  3773 | D:6      | Reached skill level 5 in Fighting
  3780 | D:6      | Noticed Grinder
  3780 | D:6      | Paralysed by Grinder for 5 turns
  3852 | D:5      | XOM: medium Chrm miscast
  3987 | D:6      | XOM: noise
  3997 | D:6      | Found Noicenumi's Antique Armour Boutique.
  3999 | D:6      | XOM: 4-stop teleportation journey
  4011 | D:6      | Killed Grinder
  4046 | D:6      | XOM: scenery: create altars
  4051 | D:6      | Reached skill level 9 in Unarmed Combat
  4153 | D:6      | XOM: harmless Conj miscast
  4415 | D:7      | Found a radiant altar of Vehumet.
  4416 | D:7      | Found a burning altar of Makhleb.
  4479 | D:7      | Noticed a brown ugly thing
  4491 | D:7      | You fall through a shaft for 3 floors!
  4491 | D:10     | Entered Level 10 of the Dungeon
  4553 | D:10     | Noticed a troll
  4573 | D:10     | Slain by a troll

Vault maps used:
D:1:      dpeg_arrival_radiant
D:2:      first_ration, serial_bayou_ford_a, lexackson_kobold_supper
D:3:      ashenzari_conservatory_becter, chequers_ecumenical_altar_lobes
D:4:      kb_forest_paths, minmay_temple_entry_grid
D:5:      uniq_eustachio
D:6:      serial_shops, nicolae_shop_waterfront, uniq_grinder
D:7:      grunt_temple_overflow_lords_of_destruction,
          nicolae_overflow_quartered_altars, serial_shops, nicolae_shop_crystal
D:10:     david_orc_4

Skill      XL: |  1  2  3  4  5  6  7  8 |
---------------+-------------------------+-----
Unarmed Combat | 4 5 6 8 9 |  9.7
Fighting       | 3 4 5 |  5.9
Dodging        | 2 3 |  3.0

Action                   |  1- 3 |  4- 6 |  7- 9 || total
-------------------------+-------+-------+-------++-------
Melee: Unarmed           |   115 |   111 |   150 ||   376
       Punch             |     2 |     1 |     5 ||     8
Evoke: Wand              |       |       |     1 ||     1
  Use: Scroll            |       |       |    15 ||    15
       Potion            |       |       |     4 ||     4
 Stab: Sleeping          |     2 |       |       ||     2
  Eat: Chunk             |    13 |    15 |    19 ||    47
Armor: Robe              |    17 |    42 |    52 ||   111
Dodge: Dodged            |    41 |    29 |    69 ||   139

Table legend:
 A = Spawn XP
 B = Non-spawn XP
 C = Spawn XP percentage of total XP
 D = Spawn monster count
 E = Non-spawn monster count
 F = Spawn count percentage of total count
 G = Total turns spent on level
                    A         B        C        D         E        F      G
               +---------+---------+-------+---------+---------+-------+---------
         Total |       0 |    2715 |   0.0 |       0 |     137 |   0.0 |  4573
               +---------+---------+-------+---------+---------+-------+---------
           D:1 |       0 |      31 |   0.0 |       0 |      19 |   0.0 |   669
           D:2 |       0 |      87 |   0.0 |       0 |      28 |   0.0 |   598
           D:3 |       0 |     100 |   0.0 |       0 |      17 |   0.0 |   761
           D:4 |       0 |     589 |   0.0 |       0 |      26 |   0.0 |  1024
           D:5 |       0 |     585 |   0.0 |       0 |      15 |   0.0 |   703
           D:6 |       0 |     892 |   0.0 |       0 |      20 |   0.0 |   548
           D:7 |       0 |     389 |   0.0 |       0 |      11 |   0.0 |   188
          D:10 |       0 |      42 |   0.0 |       0 |       1 |   0.0 |    82
               +---------+---------+-------+---------+---------+-------+---------
